 Dungeon Crawl Stone Soup version 0.29.1-1-gd02db69 (webtiles) character file.

Game seed: 8663038722871055368

60 Sylvvee the Chiller (level 3, -1/33 HPs)
             Began as a Troll Ice Elementalist on Dec 7, 2022.
             Was a Plaything of Xom.
             Slain by a gnoll
             ... wielding a +0 spear
              (6 damage)
             ... on level 4 of the Dungeon.
             The game lasted 00:06:39 (2241 turns).

Sylvvee the Chiller (Troll Ice Elementalist)        Turns: 2241, Time: 00:06:40

Health: -1/33      AC:  4    Str: 18    XL:     3   Next: 82%
Magic:  3/3        EV:  9    Int: 11    God:    Xom [..*...]
Gold:   148        SH:  0    Dex: 10    Spells: 3/4 levels left

rFire   . . .      SeeInvis .     - Unarmed
rCold   . . .      Faith    .   (no shield)
rNeg    . . .      Spirit   .   a - +0 robe
rPois   .          Reflect  .   (helmet restricted)
rElec   .          Harm     .   (no cloak)
rCorr   .          Rampage  .   (gloves unavailable)
Will    .....                   (boots unavailable)
Stlth   +.........              (no amulet)
HPRegen 0.91/turn               (no ring)
MPRegen 0.08/turn               (no ring)

@: no status effects
A: large, unfitting armour, claws 3, regeneration 1, shaggy fur 1, tough skin 1
a: Renounce Religion


You were on level 4 of the Dungeon.
You worshipped Xom.
You were a toy of Xom.
You visited 1 branch of the dungeon, and saw 4 of its levels.

You collected 148 gold pieces.

Inventory:

Armour
 a - a +0 robe (worn)
Jewellery
 f - a ring of willpower
Scrolls
 c - a scroll of torment {unknown}
 d - 2 scrolls of enchant armour {unknown}
 e - a scroll of fog {unknown}
 i - a scroll of silence {unknown}
 j - a scroll of amnesia {unknown}
 l - a scroll of identify {unknown}
 p - a scroll of teleportation {unknown}
 r - a scroll of noise {unknown}
 s - a scroll of magic mapping {unknown}
Potions
 b - a potion of magic
 g - a potion of lignification {unknown}
 h - a potion of heal wounds {unknown}
 k - a potion of brilliance {unknown}
 m - a potion of curing {unknown}
 n - a potion of haste {unknown}
 o - 2 potions of mutation {unknown}
 q - 2 potions of resistance {unknown}


   Skills:
 + Level 1.1 Fighting
 - Level 1.6 Dodging
 - Level 1.0 Stealth
 * Level 2.3 Unarmed Combat
 - Level 1.2 Spellcasting
 + Level 3.2 Ice Magic


You had 3 spell levels left.
You knew the following spells:

 Your Spells              Type           Power      Damage    Failure   Level
a - Freeze                Ice            28%        1d5       9%          1

Your spell library contained the following spells:

 Spells                   Type           Power      Damage    Failure   Level
 Frozen Ramparts          Ice            14%        1d3       24%         3
 Ozocubu's Armour         Ice            7%         N/A       24%         3
 Shock                    Conj/Air       0%         1d3       32%         1
 Blink                    Tloc           0%         N/A       43%         2
 Lesser Beckoning         Tloc           0%         N/A       67%         3
 Swiftness                Air            0%         N/A       67%         3
 Hailstorm                Conj/Ice       4%         3d4       85%         4
 Airstrike                Air            0%         2d(0-16)  97%         4
 Manifold Assault         Tloc           0%         N/A       100%        5


Dungeon Overview and Level Annotations

Branches:
Dungeon (4/15)
 Temple: D:4-7

Altars:
Fedhas
Gozag
Hepliaklqana
Sif Muna
Xom


Innate Abilities, Weirdness & Mutations

You are too large for most types of armour.
You have claws for hands.
Your natural rate of healing is unusually fast.
You are covered in fur. (AC +1)
You have tough skin. (AC +1)


Message History

You are too injured to fight recklessly!
You are too injured to fight recklessly!
You are too injured to fight recklessly!
You are too injured to fight recklessly!
You are too injured to fight recklessly!
You are too injured to fight recklessly!
You are too injured to fight recklessly!
You are too injured to fight recklessly!
You are too injured to fight recklessly!
You are too injured to fight recklessly!
You are too injured to fight recklessly!
You are too injured to fight recklessly!
You are too injured to fight recklessly!
There are monsters nearby!
The gnoll attacks as you move away! The gnoll barely misses you.
The gnoll attacks as you move away! The gnoll hits you with a +0 flail!
The gnoll attacks as you move away! The gnoll hits you with a +0 flail.
Found 15 gold pieces.
You see here a +0 dagger.
Found a scroll labelled YLACSYM VYABA.
The gnoll attacks as you move away! The gnoll hits you with a +0 flail.
* * * LOW HITPOINT WARNING * * *
The quokka twitches its whiskers.
The gnoll attacks as you move away! The gnoll hits you but does no damage.
The gnoll attacks as you move away! The gnoll hits you with a +0 flail!
* * * LOW HITPOINT WARNING * * *
The gnoll attacks as you move away! The gnoll barely misses you.
The gnoll attacks as you move away! The gnoll hits you with a +0 flail.
* * * LOW HITPOINT WARNING * * *
You see here 15 gold pieces.
The gnoll attacks as you move away! The gnoll closely misses you.
The gnoll attacks as you move away! The gnoll hits you but does no damage.
Xom smirks.
You detect creatures!
You claw the gnoll!
The gnoll is severely wounded.
The gnoll hits you but does no damage.
The gnoll hits you from afar with a +0 spear.
You die...
Xom howls with laughter!

#....#.##....
#.[........).#**
#.............,*#######
##...#....#..^#* ~~...~#
#............## ~..~~~#
#.#....##....########~~#
.......##......?....#.~#
##...........#......#~.#
#....#....#...r.@...#b~#
S
....†..)...gg.#g....#~.#
##..))........g.....#..#
#....####.....######~.#
#..### ###...# ~~b~..#
#....## ##### ...~..#
##.##..# #######
...*##.#### .#, ###*
#....# .#*


You could see 4 gnolls, a quokka and 2 bats.

Vanquished Creatures
  An adder (D:2)
  A dart slug (D:2)
  4 orcs
  2 endoplasms
  3 giant cockroaches
  5 goblins
  2 hobgoblins
  2 quokkas
  5 ball pythons
  5 bats
  2 frilled lizards (D:1)
  7 kobolds
  6 rats
45 creatures vanquished.

Vanquished Creatures (others)
  15 fungi (D:4)
15 creatures vanquished.

Grand Total: 60 creatures vanquished

Notes
Turn   | Place    | Note
-------+----------+-------------------------------------------
     0 | D:1      | Sylvvee the Troll Ice Elementalist began the quest for the
                  | Orb.
     0 | D:1      | Reached XP level 1. HP: 16/16 MP: 1/1
   120 | D:1      | Reached skill level 3 in Ice Magic
   338 | D:1      | Reached XP level 2. HP: 22/24 MP: 2/2
   357 | D:1      | Reached skill level 1 in Unarmed Combat
  1013 | D:2      | Found a faded altar of an unknown god.
  1033 | D:2      | Prayed at the altar of an unknown god.
  1033 | D:2      | Became a worshipper of Xom of Chaos
  1269 | D:2      | XOM: silly message
  1341 | D:2      | Reached XP level 3. HP: 32/32 MP: 3/3
  1693 | D:3      | Found an opulent altar of Gozag.
  1706 | D:3      | XOM: silly message
  1821 | D:3      | Reached skill level 1 in Fighting
  1846 | D:3      | XOM: silly message
  1887 | D:3      | Found a shimmering blue altar of Sif Muna.
  1889 | D:3      | Found a hazy altar of Hepliaklqana.
  1889 | D:3      | Found a blossoming altar of Fedhas.
  2179 | D:4      | XOM: divination: magic mapping
  2240 | D:4      | XOM: divination: detect creatures
  2241 | D:4      | Slain by a gnoll

Illustrated notes

Levels and vault maps discovered:
D:1:      lemuel_arrival_behind_the_door_small, layout_basic,
          nicolae_concentric_dashed_squares_mild
D:2:      layout_basic, ebering_ecumenical_altar_sacrificial
D:3:      layout_basic, nicolae_gozag_cash_rules_everything_around_me,
          minitemple, serial_park_tiny_pond
D:4:      layout_basic, serial_aquarium, aquarium_bridge_square
          [aquarium_subvault_bridge, aquarium_subvault_balcony,
          aquarium_subvault_window, aquarium_subvault_bridge],
          aquarium_bridge_long_separate [aquarium_subvault_wall,
          aquarium_subvault_bridge, aquarium_subvault_bridge,
          aquarium_subvault_window, aquarium_subvault_bridge,
          aquarium_subvault_window], aquarium_window_fake, aquarium_window_2,
          aquarium_view_2c, aquarium_balcony_5b, chequers_serial_rivers_large_a,
          skrybe_limestone_x, minmay_fractal_squares_5

Skill      XL: |  1  2  3 |
---------------+----------+-----
Ice Magic      | 3 |  3.2
Unarmed Combat | 1 2 |  2.3
Fighting       | 1 |  1.1
Dodging        | |  1.6
Stealth        | |  1.0
Spellcasting   | |  1.2

Action                   || total
-------------------------++-------
Melee: Unarmed           ||   122
 Stab: Sleeping          ||     2
Armor: Robe              ||    49
Dodge: Dodged            ||    63
